 Dungeon Crawl Stone Soup version 0.20.1-1-g8b1a95d (webtiles) character file.

91 mastercheaf21 the Covert (level 4, 0/29 HPs)
             Began as an Octopode Assassin on Nov 7, 2017.
             Succumbed to an adder's poison
             ... on level 3 of the Dungeon.
             The game lasted 00:07:20 (2535 turns).

mastercheaf21 the Covert (Octopode Assassin)        Turns: 2535, Time: 00:07:20

Health: 0/29       AC:  1    Str: 10    XL:     4   Next: 59%
Magic:  4/4        EV: 13    Int: 13    God:
Gold:   128        SH:  0    Dex: 14    Spells: 3/3 levels left

rFire    . . .     SeeInvis .   a - +2 dagger
rCold    . . .     Gourm    .   (no shield)
rNeg     . . .     Faith    .   (helmet restricted)
rPois    .         Spirit   .   (no amulet)
rElec    .         Reflect  .   (no ring)
rCorr    .         Harm     .   (no ring)
MR       .....                  (no ring)
Stlth    +++++.....             (no ring)
Regen    0.1/turn               (no ring)
MPRegen  0.1/turn               (no ring)
                                (no ring)
                                (no ring)

@: lethally poisoned (0 -> -5)
A: almost no armour, stealthy swim, amphibious, 8 rings, constrict 8, camouflage
1, gelatinous body 1
a: no special abilities


You were on level 3 of the Dungeon.
You were very hungry.

You visited 1 branch of the dungeon, and saw 3 of its levels.

You collected 128 gold pieces.

Inventory:

Hand Weapons
 a - a +2 dagger (weapon)
 b - a +0 blowgun
 u - a +0 dagger of speed
 v - a +0 hunting sling
Missiles
 c - 20 poisoned needles
 d - 2 curare-tipped needles
 n - 13 sling bullets
Jewellery
 h - an uncursed ring of wizardry {unknown}
Wands
 p - a wand of confusion (20/48)
Scrolls
 e - a scroll of amnesia {unknown}
 g - 2 scrolls of fear {unknown}
 i - a scroll of immolation {unknown}
 k - a scroll of magic mapping {unknown}
 q - 3 scrolls of enchant weapon {unknown}
 s - a scroll of noise {unknown}
 t - 4 scrolls of identify {unknown}
 x - a scroll of teleportation {unknown}
Potions
 j - a potion of invisibility {unknown}
 l - a potion of magic {unknown}
 o - a potion of brilliance {unknown}
 w - a potion of agility {unknown}
Comestibles
 f - 3 bread rations
 m - 3 fruits
 r - 2 meat rations


   Skills:
 - Level 2.0 Fighting
 - Level 2.0 Short Blades
 - Level 2.0 Throwing
 - Level 1.0 Dodging
 + Level 8.1 Stealth


You had 3 spell levels left.
You didn't know any spells.

Dungeon Overview and Level Annotations

Branches:
Dungeon (3/15)

Altars:
Ru


Innate Abilities, Weirdness & Mutations

You cannot wear most types of armour.
You are very stealthy in the water. (Stealth+)
You are amphibious.
You can wear up to eight rings at the same time.
You can use your tentacles to constrict eight enemies at once.
Your skin changes colour to match your surroundings (Stealth+).
Your rubbery body absorbs attacks. (AC +1, EV +1)


Message History

You barely miss the adder. Your grab misses the adder. You squeeze the adder.
The adder is moderately wounded.
The adder barely misses you. The leopard gecko bites you.
An orc wizard comes into view. It is wielding a dagger.
The orc wizard shouts!
You hit the adder. You grab the adder.
The adder is severely wounded.
You constrict the adder. The adder barely misses you.
The leopard gecko bites you.
You release your grip on the adder.
The leopard gecko barely misses you.
The orc wizard begins to cast a cantrip, but forgets the words!
The adder closely misses you. The adder bites you.
You are poisoned.
The adder poisons you! The orc hits you.
* * * LOW HITPOINT WARNING * * *
* * * LOW HITPOINT WARNING * * *
You feel sick. The leopard gecko misses you. The orc hits you.
* * * LOW HITPOINT WARNING * * *
You die...

#.### #.############### ....#
#.....##........# ###.#
###..........#### # #.####
########...#
###.##.###########.##
....#.#.##.....[.#.#
#.##.#........##.#.# #####.
#.......##.##.##.#.######......
######.###.##...@.loS..........
### #.#####.##.....†.#.S.
#.#####.##.........#
#.......##....o....#
##########............
#............ #.........##.
#..##.#...# #.........#


You could see an orc wizard, an adder, an orc and a leopard gecko.

Vanquished Creatures
  4 adders
  A worm (D:2)
  A dart slug (D:2)
  2 leopard geckos (D:2)
  7 bats
  A giant cockroach (D:2)
  9 goblins
  8 hobgoblins
  A quokka (D:2)
  4 frilled lizards
  6 kobolds
  3 rats
  2 fungi (D:2)
49 creatures vanquished.

Notes
Turn   | Place    | Note
-------+----------+-------------------------------------------
     0 | D:1      | mastercheaf21 the Octopode Assassin began the quest for the Orb.
     0 | D:1      | Reached XP level 1. HP: 14/14 MP: 1/1
   168 | D:1      | Reached skill level 6 in Stealth
   168 | D:1      | Reached XP level 2. HP: 6/19 MP: 2/2
  1030 | D:2      | Reached XP level 3. HP: 20/24 MP: 3/3
  1222 | D:2      | Reached skill level 7 in Stealth
  1447 | D:2      | Reached XP level 4. HP: 5/29 MP: 4/4
  1902 | D:2      | Found a sacrificial altar of Ru.
  2214 | D:3      | Reached skill level 8 in Stealth
  2533 | D:3      | HP: 1/29 [orc (4)]
  2535 | D:3      | Succumbed to an adder's poison

Skill      XL: |  1  2  3  4 |
---------------+-------------+-----
Stealth        | 6 7 8 |  8.1
Fighting       | |  2.0
Short Blades   | |  2.0
Throwing       | |  2.0
Dodging        | |  1.0

Action                   |  1- 3 |  4- 6 || total
-------------------------+-------+-------++-------
Melee: Dagger            |    73 |    56 ||   129
       Constrict         |    19 |    11 ||    30
       Tentacles         |    11 |    15 ||    26
  Use: Potion            |       |     1 ||     1
 Stab: Sleeping          |     9 |     3 ||    12
  Eat: Chunk             |     1 |     1 ||     2
       Royal jelly       |       |     1 ||     1
Armor: Skin              |    11 |       ||    11
Dodge: Dodged            |    49 |    27 ||    76
